Map: Ruins of Endion

Players

Bagain - Winner!

  • Race: Protoss Protoss
  • League: Gold

Siglemic

  • Race: Zerg Zerg
  • League: Gold

VOD

Have the link to the VOD?

Description

Time

  • Played on: April 4, 2016, 4:28 a.m.
  • Length: 11:42
Show
View Real Time Build Order
Export as new Build Order

Bagain Protoss - Winner!

Build Orders:  

Get SALT Encoding   

  12  0:01  Probe (Chrono Boost)  
  13  0:11  Probe (Chrono Boost)  
  14  0:22  Pylon  
  14  0:24  Probe (Chrono Boost)  
  15  0:40  Probe (Chrono Boost)  
  15  0:42  Gateway  
  16  0:47  Assimilator  
  16  0:51  Probe (Chrono Boost)  
  17  1:02  Probe (Chrono Boost)  
  18  1:12  Probe (Chrono Boost)  
  19  1:23  Probe (Chrono Boost)  
  20  1:33  Probe (Chrono Boost)  
  20  1:34  Cybernetics Core  
  20  1:40  Pylon  
  20  1:51  Nexus  
  20  2:04  Gateway  
  20  2:12  Adept (Chrono Boost)  
  20  2:15  Assimilator  
  22  2:19  Mothership Core (Chrono Boost)  
  24  2:32  Warp Gate  
  24  2:39  Probe (Chrono Boost)  
  25  2:47  Adept (Chrono Boost)  
  25  2:50  Probe (Chrono Boost)  
  28  2:53  Stalker  
  30  3:04  Probe x2 (Chrono Boost)  
  32  3:17  Probe x2 (Chrono Boost)  
  32  3:19  Adept  
  36  3:23  Adept  
  38  3:32  Robotics Facility  
  38  3:34  Gateway  
  38  3:36  Probe (Chrono Boost)  
  38  3:41  Probe (Chrono Boost)  
  40  3:51  Pylon  
  40  3:55  Probe x2 (Chrono Boost)  
  42  3:58  Sentry  
  42  4:01  Sentry  
  46  4:09  Probe (Chrono Boost)  
  47  4:14  Probe (Chrono Boost)  
  47  4:15  Assimilator  
  48  4:20  Probe (Chrono Boost)  
  48  4:24  Gateway  
  49  4:31  Immortal (Chrono Boost)  
  52  4:34  Probe  
  52  4:36  Probe  
  54  4:53  Pylon  
  54  5:09  Probe  
  54  5:11  Probe  
  54  5:12  Nexus  
  56  5:15  Sentry x2  
  60  5:38  Immortal (Chrono Boost)  
  56  5:48  Stalker x3  
  53  6:10  Gateway  
  51  6:12  Gateway  
  49  6:24  Stalker x2  
  49  6:25  Stalker  
  47  6:27  Probe  
  47  6:28  Probe  
  49  6:33  Robotics Facility  
  49  6:36  Assimilator  
  49  6:37  Probe  
  50  6:40  Probe  
  50  6:41  Pylon  
  51  6:48  Probe  
  51  6:52  Probe  
  52  6:57  Stalker  
  52  6:58  Stalker x2  
  58  7:03  Immortal (Chrono Boost)  
  62  7:10  Stalker x2  
  66  7:25  Stalker x2  
  70  7:42  Pylon  
  70  7:44  Pylon  
  70  7:53  Pylon  
  70  8:01  Immortal x2 (Chrono Boost)  
  78  8:11  Nexus  
  78  8:15  Pylon  
  76  8:29  Stalker  
  76  8:30  Stalker x3  
  84  8:39  Sentry  
  86  8:41  Probe x2  
  88  8:53  Probe x2  
  88  8:54  Adept x3  
  86  9:33  Stalker x5  
  86  9:35  Immortal (Chrono Boost)  
  90  9:50  Probe  
  90  9:51  Probe x2  
  91  10:03  Probe x2  
  85  10:11  Stalker x5  
  75  10:32  Immortal x2 (Chrono Boost)  
  83  10:35  Probe  
  83  10:37  Probe x2  
  83  10:42  Stalker x3  
  92  10:43  Stalker, Assimilator  
  92  10:45  Sentry, Assimilator  
  92  10:49  Probe  
  97  11:11  Stalker x5, Probe  
  103  11:13  Probe x2  
  110  11:22  Probe  
  110  11:25  Probe x2  
Show
View Real Time Build Order
Export as new Build Order

Siglemic Zerg 

Build Orders: Hatch First 

Get SALT Encoding   

  12  0:01  Drone  
  13  0:16  Overlord  
  13  0:22  Drone  
  14  0:36  Drone  
  14  0:37  Drone  
  16  0:45  Drone  
  17  0:56  Hatchery  
  16  1:15  Drone  
  17  1:18  Extractor  
  17  1:19  Drone, Spawning Pool  
  16  1:26  Overlord  
  16  1:38  Drone x2  
  18  2:06  Zergling x2  
  18  2:07  Zergling x2  
  20  2:10  Queen  
  20  2:11  Queen  
  24  2:21  Drone x3  
  27  2:33  Drone x3  
  29  2:52  Drone x4  
  33  3:07  Roach Warren  
  33  3:12  Overlord x2  
  32  3:14  Extractor  
  31  3:25  Lair  
  31  3:26  Queen  
  33  3:32  Spore Crawler  
  32  3:34  Spore Crawler  
  32  3:35  Drone x2  
  32  3:48  Metabolic Boost  
  32  3:51  Roach  
  32  3:52  Roach x2  
  38  3:56  Drone  
  38  3:57  Drone  
  39  4:23  Roach x6  
  51  4:25  Overlord  
  51  4:33  Glial Reconstitution  
  51  4:42  Overlord x2  
  53  4:45  Roach  
  53  4:46  Roach  
  55  5:04  Zergling x2  
  55  5:05  Zergling x12  
  58  5:29  Roach  
  58  5:30  Roach x6  
  71  5:42  Roach x2  
  65  6:01  Ravager x2  
  67  6:04  Roach  
  67  6:07  Overlord x3  
  60  6:31  Ravager  
  61  6:35  Drone  
  61  6:36  Extractor, Drone x3  
  61  6:37  Extractor  
  61  6:38  Hatchery  
  62  6:45  Drone x3  
  65  6:50  Hatchery  
  64  6:54  Ravager x2  
  64  7:00  Roach x3  
  67  7:10  Drone  
  67  7:11  Drone x4  
  72  7:31  Drone x6  
  78  7:43  Spire  
  77  7:45  Drone x2  
  79  7:51  Queen  
  81  8:09  Drone x2  
  81  8:10  Drone x6  
  89  8:14  Overseer  
  89  8:19  Roach  
  95  8:20  Roach x2  
  89  8:27  Queen  
  89  8:32  Extractor  
  90  8:34  Extractor  
  89  8:44  Spine Crawler x2  
  89  8:46  Spine Crawler  
  86  9:00  Zerg Flyer Weapons Level 1  
  86  9:01  Mutalisk x5  
  86  9:02  Mutalisk  
  96  9:23  Roach  
  96  9:24  Roach x5  
  83  9:42  Roach x6  
  91  10:07  Mutalisk x3  
  65  10:15  Drone x3  
  48  10:30  Mutalisk  
  48  10:31  Mutalisk  
  52  10:36  Overlord x6  
  50  10:45  Queen  
  50  10:46  Drone x3  
  52  10:56  Zergling x2  
  55  10:57  Zergling x4  
  55  11:02  Mutalisk x2  
  59  11:12  Mutalisk  
  59  11:13  Mutalisk  
Tags
 
League
GoldGold
Matchup
PvZ
Replay Pack
rep
Add a new tag
Caveats
  • Supply blocks, unpowered buildings, or Contaminate may cause inaccurate times.
  • Supply counts are checked every 10 seconds.